 Dungeon Crawl Stone Soup version 0.15.0-14-g6bbbb5c (webtiles) character file.

3003 Johnny the Ruinous (level 9, 0/69 HPs)
             Began as a Demigod Conjurer on Sept 5, 2014.
             Slain by a killer bee (7 damage)
             ... on Level 8 of the Dungeon.
             The game lasted 00:24:50 (8634 turns).

Johnny the Ruinous (Demigod Conjurer)               Turns: 8634, Time: 00:24:50

HP   0/69        AC 14     Str 16      XL: 9   Next: 29%
MP   8/25        EV 14     Int 22      God:
Gold 308         SH  0     Dex 17      Spells:  5 memorised,  5 levels left

rFire  . . .     SeeInvis .     C - +2 flail (crush)
rCold  + + .     Clarity  .     n - +2 leather armour of Trog's Favour {+Inv rPois rC++}
rNeg   . . .     rCorr    .     (no shield)
rPois  +         rRot     .     (no helmet)
rElec  .         Spirit   .     k - +0 cloak (curse)
SustAb +         Warding  .     (no gloves)
rMut   .         Stasis   .     h - +0 pair of boots
Gourm  .                        (no amulet)
MR     .....                    A - +2 ring of protection
                                d - ring of sustain abilities

@: not resistant to hostile enchantments, unstealthy
A: iridescent scales 1, rugged brown scales 1, strong 1
a: Evoke Invisibility


You were on level 8 of the Dungeon.
You were very hungry.

You visited 1 branch of the dungeon, and saw 9 of its levels.

You collected 308 gold pieces.

Inventory:

Hand weapons
 y - a +3 mace of freezing
 C - a +2 flail of crushing (weapon)
Missiles
 j - a throwing net (quivered)
Armour
 h - a +0 pair of boots (worn)
 k - a cursed +0 cloak (worn)
 n - the +2 leather armour of Trog's Favour (worn) {+Inv rPois rC++}
   (You found it on level 7 of the Dungeon)

   It greatly protects you from cold.
   It protects you from poison.
   It lets you turn invisible.
Magical devices
 a - a wand of lightning (0)
Comestibles
 b - 2 bread rations
Scrolls
 f - a scroll of enchant weapon
 i - a scroll of vulnerability {unknown}
 m - a scroll of enchant armour
 p - 2 scrolls of remove curse
 r - a scroll of fog
 s - a scroll of identify
 v - a scroll of noise {unknown}
Jewellery
 d - a ring of sustain abilities (left hand)
 A - a +2 ring of protection (right hand)
Potions
 g - a potion of brilliance
 l - a potion of mutation
Books
 c - a book of Conjurations

   Spells                             Type                      Level
   *Magic Dart                        Conjuration                  1
   *Searing Ray                       Conjuration                  2
   *Dazzling Spray                    Conjuration/Hexes            3
   Fulminant Prism                    Conjuration/Hexes            4
   *Iskenderun's Mystic Blast         Conjuration                  4
   *Iskenderun's Battlesphere         Conjuration/Charms           5
 x - a Grand Grimoire {highlevel, unknown}

   This book is beyond your current level of understanding.

   Spells                             Type                      Level
   Aura of Abjuration                 Summoning                    6
   Forceful Dismissal                 Summoning                    6
   Summon Greater Demon               Summoning                    7
   Malign Gateway                     Summoning/Translocation      7
   Summon Horrible Things             Summoning                    8


   Skills:
 + Level 2.1 Fighting
   Level 1.0 Short Blades
 + Level 1.9 Maces & Flails
 + Level 3.7 Armour
 + Level 4.5 Dodging
 + Level 3.6 Stealth
 + Level 6.0 Spellcasting
 + Level 7.3 Conjurations
 + Level 2.6 Hexes
 + Level 1.9 Evocations


You had 5 spell levels left.
You knew the following spells:

 Your Spells              Type           Power        Failure   Level  Hunger
a - Magic Dart            Conj           ####         1%          1    None
b - Searing Ray           Conj           #####.       1%          2    None
c - Dazzling Spray        Conj/Hex       ####....     4%          3    ##.....
d - Iskenderun's Mystic   Conj           #####...     6%          4    ###....
e - Iskenderun's Battles  Conj/Chrm      ###.....     63%         5    #####..


Dungeon Overview and Level Annotations

Branches:
Dungeon (9/15)             Temple (0/1) D:6
    Orc: D:9-12        Lair: D:8-11

Annotations:
D:5 heinrich's ghost, experienced GrFi


Innate Abilities, Weirdness & Mutations

You are partially covered in iridescent scales (AC +4).
You are partially covered in rugged brown scales (AC +1, +3% HP).
Your muscles are strong. (Str +2)


Message History

The quasit claws you but does no damage. x2
A mysterious force pulls you upwards. The hatch slams shut behind you.
The orc shouts!
The orc priest shouts!
A killer bee, an orc and an orc wizard come into view.
The killer bee buzzes angrily.
The orc misses you. The orc barely misses you.
Found a brass ring and 16 gold pieces.
Found a shattered altar of Ashenzari. 3 killer bees and a skeleton come into view.
Read which item? (? for menu, Esc to quit)
Okay, then.
A killer bee comes into view.
The killer bee buzzes angrily.
The killer bee moves out of view.
The killer bee misses you. The orc misses you.
Found a wand of lightning and 18 gold pieces.
You see here a brass ring.
The killer bee barely misses you.
The killer bee buzzes angrily.
The killer bee stings you!
You die...

#..y .. #.yy
y..
#..####y###
#..##.....##
#..#.....$.#
#..#./.....#.
#..o..._.....
#..#yy.....#
#oo#.@.....#
..o.##.....##
..$#.####.###
....... ...
.....# ### .
..Z #


You could see 4 killer bees and an orc.

Vanquished Creatures
  The ghost of Samadhi the Conjurer, an experienced TeCj of Vehumet (D:8)
  Pikel (D:6)
  A boulder beetle (D:7)
  Eustachio (D:6)
  A hippogriff (D:4)
  A hungry ghost (D:7)
  A water moccasin (D:7)
  An ogre (D:4)
  A centaur (D:8)
  3 giant frogs
  A troll zombie (D:7)
  8 wights
  A jelly (D:6)
  A goliath beetle (D:6)
  A hound (D:4)
  3 crimson imps
  A giant frog skeleton (D:4)
  2 worker ants
  2 worker ant zombies
  12 adders
  A gnoll (D:6)
  A shadow imp (D:7)
  3 worms (D:2)
  An adder zombie (D:7)
  7 orcs
  4 ball pythons (D:7)
  4 bats
  9 goblins
  16 hobgoblins
  21 jackals
  11 kobolds
  5 quokkas
  8 giant cockroaches
  8 giant geckos
  A giant gecko skeleton (D:5)
  7 giant newts
  A giant spore (D:7)
  A kobold zombie (D:7)
  16 rats
  A rat zombie (D:6)
  2 ballistomycetes (D:7)
172 creatures vanquished.

Vanquished Creatures (others)
  Blork the orc (D:6)
  A gnoll (D:6)
  A ball python (D:7)
3 creatures vanquished.

Grand Total: 175 creatures vanquished

Notes
Turn   | Place    | Note
--------------------------------------------------------------
     0 | D:1      | Johnny, the Demigod Conjurer, began the quest for the Orb.
     0 | D:1      | Reached XP level 1. HP: 14/14 MP: 3/3
   405 | D:1      | Reached XP level 2. HP: 20/20 MP: 1/4
   462 | D:1      | Reached skill level 4 in Conjurations
  1643 | D:2      | Reached XP level 3. HP: 20/27 MP: 0/8
  1647 | D:2      | Learned a level 2 spell: Searing Ray
  1651 | D:2      | Learned a level 3 spell: Dazzling Spray
  2564 | D:3      | Reached XP level 4. HP: 34/34 MP: 2/11
  3257 | D:4      | Noticed a hippogriff
  3264 | D:4      | Killed a hippogriff
  3264 | D:4      | Reached XP level 5. HP: 26/39 MP: 0/14
  3382 | D:4      | Reached skill level 1 in Short Blades
  3388 | D:4      | Learned a level 4 spell: Iskenderun's Mystic Blast
  3625 | D:4      | Reached XP level 6. HP: 46/46 MP: 14/17
  3898 | D:4      | Noticed an ogre
  3908 | D:4      | Killed an ogre
  3908 | D:4      | Reached skill level 5 in Conjurations
  4181 | D:5      | Entered Level 5 of the Dungeon
  4201 | D:5      | Reached skill level 1 in Armour
  4267 | D:5      | Noticed heinrich's ghost (experienced GrFi)
  4603 | D:6      | Reached skill level 1 in Hexes
  5000 | D:6      | Reached XP level 7. HP: 19/51 MP: 0/19
  5269 | D:6      | Found a staircase to the Ecumenical Temple.
  5281 | D:6      | Noticed Pikel
  5322 | D:6      | Killed Pikel
  5322 | D:6      | Reached skill level 1 in Fighting
  5322 | D:6      | Reached skill level 6 in Conjurations
  5322 | D:6      | Reached XP level 8. HP: 5/59 MP: 0/22
  5443 | D:6      | Killed Blork the orc
  5813 | D:6      | Noticed Eustachio
  5823 | D:6      | Killed Eustachio
  6244 | D:7      | Reached skill level 5 in Spellcasting
  6338 | D:7      | Reached skill level 1 in Evocations
  6921 | D:7      | Found a glowing golden altar of the Shining One.
  6926 | D:7      | Found a deep blue altar of Sif Muna.
  7194 | D:7      | Learned a level 5 spell: Iskenderun's Battlesphere
  7232 | D:7      | Reached skill level 1 in Maces & Flails
  8224 | D:7      | Reached skill level 7 in Conjurations
  8363 | D:7      | Got a twisted leather armour
  8374 | D:7      | Identified the +2 leather armour of Trog's Favour {+Inv rPois rC++} (You found it on level 7 of the Dungeon)
  8549 | D:8      | Noticed Samadhi's ghost (experienced TeCj)
  8557 | D:8      | Reached XP level 9. HP: 59/67 MP: 21/24
  8575 | D:8      | Gained mutation: You are partially covered in iridescent scales (AC +4). [potion of mutation]
  8575 | D:8      | Gained mutation: You are partially covered in rugged brown scales (AC +1, +3% HP). [potion of mutation]
  8575 | D:8      | Gained mutation: Your muscles are strong. (Str +2) [potion of mutation]
  8581 | D:8      | Killed Samadhi's ghost
  8602 | D:8      | HP: 3/69 [phantom (4)]
  8608 | D:8      | HP: 3/69 [phantom (1)]
  8631 | D:8      | Found a shattered altar of Ashenzari.
  8634 | D:8      | Slain by a killer bee

Action                   |  1- 3 |  4- 6 |  7- 9 || total
-------------------------+-------+-------+-------++-------
Melee: Short sword       |    64 |    19 |       ||    83
       Unarmed           |     3 |       |       ||     3
       Mace              |       |       |    27 ||    27
       Flail             |       |       |    91 ||    91
 Cast: Magic Dart        |    94 |    85 |    56 ||   235
       Dazzling Spray    |     2 |    19 |    41 ||    62
       Searing Ray       |     1 |     9 |     4 ||    14
       Iskenderun's Myst |       |     3 |    18 ||    21
 Abil: Evoke Invisibilit |       |       |     1 ||     1
Evoke: Wand              |     1 |     2 |    12 ||    15
  Use: Scroll            |     4 |       |     7 ||    11
       Potion            |       |       |     4 ||     4
 Stab: Invisible         |       |     2 |     2 ||     4
       Sleeping          |       |       |     2 ||     2
  Eat: Chunk             |     5 |       |     2 ||     7
       Meat ration       |     1 |       |       ||     1
       Bread ration      |       |     1 |     3 ||     4
       Pizza             |       |     1 |       ||     1
       Beef jerky        |       |     1 |       ||     1
